 Dungeon Sprint DCSS version 0.31-a0-521-gc7390f8997 (webtiles) character file.

Game seed: 3447538280270187335

48 rocky1 the Blocker (level 6, 0/56 HPs)
             Began as a Gnoll Fighter on Aug 11, 2023.
             Was a High Priest of Cheibriados.
             Killed from afar by a naga warrior (7 damage)
             ... with a splash of poison
             ... in the Dungeon (Sprint VI: "Thunderdome").
             The game lasted 00:02:56 (315 turns).

rocky1 the Blocker (Gnoll Fighter)                   Turns: 315, Time: 00:02:57

Health: 0/56       AC:  8    Str: 28    XL:     6   Next: 58%
Magic:  13/13      EV: 13    Int: 19    God:    Cheibriados [*****.]
Gold:   280        SH:  7    Dex: 22    Spells: 14/14 levels left

rFire   . . .        a - +0 trident
rCold   . . .        c - +0 buckler
rNeg    . . .        b - +0 scale mail
rPois   .            (no helmet)
rElec   .            (no cloak)
rCorr   .            (no gloves)
SInv    .            (no boots)
Will    .....        (no amulet)
Stlth   ++           (no ring)
HPRegen 0.29/turn    (no ring)
MPRegen 0.13/turn

%: no teleportation
@: lethally poisoned (0 -> -6), very slow
A: fangs 1, strong nose, distributed training
a: Renounce Religion, Bend Time, Temporal Distortion, Slouch, Step From Time


You were in the Dungeon.
You worshipped Cheibriados.
Cheibriados was extremely pleased with you.
You visited 1 branch You collected 280 gold pieces.

Inventory:

Hand Weapons
 a - a +0 trident (weapon)
 o - a +0 scythe
Armour
 b - a +0 scale mail (worn)
 c - a +0 buckler (worn)
Wands
 l - a wand of acid (4)
 m - a wand of iceblast (2)
Scrolls
 j - 4 scrolls of blinking
 n - 3 scrolls of fog
Potions
 d - a potion of might
 e - a potion of curing
 f - 4 potions of heal wounds
 g - 4 potions of haste
 h - 2 potions of magic
 i - a potion of berserk rage
 k - a potion of resistance


   Skills:
 + Level 8.2 Fighting
 + Level 4.8 Short Blades
 + Level 4.8 Long Blades
 + Level 4.8 Axes
 + Level 4.8 Maces & Flails
 + Level 6.7 Polearms
 + Level 4.8 Staves
 + Level 4.8 Ranged Weapons
 + Level 4.8 Throwing
 + Level 8.2 Armour
 + Level 4.8 Dodging
 + Level 4.8 Stealth
 + Level 8.2 Shields
 + Level 4.8 Unarmed Combat
 + Level 4.8 Spellcasting
 + Level 3.9 Conjurations
 + Level 3.9 Hexes
 + Level 3.9 Summonings
 + Level 3.9 Necromancy
 + Level 3.9 Translocations
 + Level 3.9 Transmutations
 + Level 3.9 Fire Magic
 + Level 3.9 Ice Magic
 + Level 3.9 Air Magic
 + Level 3.9 Earth Magic
 + Level 3.9 Poison Magic
 + Level 5.2 Invocations
 + Level 4.8 Evocations
 + Level 3.9 Shapeshifting


You had 14 spell levels left.
You didn't know any spells.
Your spell library was empty.

Dungeon Overview and Level Annotations

Branches:
Dungeon (1/1)

Altars:
Cheibriados
Dithmenos
Fedhas
Gozag
Kikubaaqudgha
Makhleb
Okawaru
Qazlal
Ru
Sif Muna
Trog
Uskayaw
Vehumet
Wu Jian
Xom
Yredelemnul
Zin
The Shining One
Lugonu

Shops:
D *[=??*?*:[((!!!!


Innate Abilities, Weirdness & Mutations

You have very sharp teeth.
Your uncanny sense of smell can sniff out nearby items.
Your experience applies equally to all skills.


Message History

You barely miss the adder. You bite the adder, but do no damage.
You block the adder's attack.
You closely miss the adder. Your bite misses the adder.
You block the adder's attack. x2
You hit the adder.
The adder is moderately wounded.
You block the adder's attack.
You hit the adder.
The adder is almost dead.
You block the adder's attack.
You puncture the adder!
You kill the adder!
Cheibriados thoroughly appreciates the change of pace.
You can now step out of the flow of time.
Cheibriados raises the support of your attributes as your movement slows.
No target in view!
Okay, then.
You start resting.
A naga comes into view. It is wielding a +0 halberd.
The naga shouts!
The naga spits poison at you.
The splash of poison hits you but does no damage.
You are poisoned.
A naga warrior comes into view. It is wielding a +0 battleaxe.
You feel sick.
The naga warrior shouts!
The naga warrior roars a battlecry!
The naga goes into a battle-frenzy!
You block the naga's attack.
You reach to attack!
You barely miss the naga.
You feel sick. You block the naga's attack.
You reach to attack!
You hit the naga.
The naga is lightly wounded.
The naga hits you from afar with a +0 halberd!!
Ouch! That really hurt!
* * * LOW HITPOINT WARNING * * *
The naga warrior spits poison at you. The splash of poison hits you!
You are more poisoned.
You die...

##.............###......)......
#⌠..........###...###..........
#⌠.........N# #.<.# #..........
#⌠..........###...###..........
#.............###.............
##∩........8.# #.8÷.......∩##
##∩___.[....###.......__∩##
######.8........†8.######
#§.N.@.......⌠# ###.....)...###
#_......._# #_......._#
#_......._# #∩.......∩#
##∩.....∩## ##.....## ##⌠⌠⌠##


You could see a naga warrior (catching breath) and a naga (strong).

Vanquished Creatures
  Sigmund (D)
  A naga (D)
  6 adders (D)
  A worm (D)
  An orc (D)
  2 ball pythons (D)
  A giant cockroach (D)
  A hobgoblin (D)
14 creatures vanquished.

Notes
Turn   | Place    | Note
-------+----------+-------------------------------------------
     0 | D        | rocky1 the Gnoll Fighter began the quest for the Orb.
     0 | D        | Reached XP level 1. HP: 23/23 MP: 1/1
     4 | D        | Found a shadowy altar of Dithmenos.
     4 | D        | Found a sacrificial altar of Ru.
     5 | D        | Found a glowing golden altar of the Shining One.
     5 | D        | Found a shimmering blue altar of Sif Muna.
     5 | D        | Round 1.
     6 | D        | Found a radiant altar of Vehumet.
     7 | D        | Found Osi Lep's Timeless Talismans.
     7 | D        | Found a corrupted altar of Lugonu.
     7 | D        | Found a snail-covered altar of Cheibriados.
     7 | D        | Found Acvonueb's Identification Station.
     8 | D        | Found Galyaddystrau's Jewellery.
     8 | D        | Found Burhut's Advanced Armour.
    11 | D        | Found a stormy altar of Qazlal.
    12 | D        | Found a bloodstained altar of Trog.
    13 | D        | Found a burning altar of Makhleb.
    20 | D        | Became a worshipper of Cheibriados the Contemplative
    27 | D        | Found an iron altar of Okawaru.
    28 | D        | Found a shimmering altar of Xom.
    28 | D        | Found a blossoming altar of Fedhas.
    28 | D        | Found Uqykhos's Magic Scroll Shop.
    28 | D        | Found Bunli's Staff Store.
    29 | D        | Found Fadoum's Magic Scroll Shop.
    29 | D        | Found Beraut's Must-Have Magic.
    32 | D        | Found a basalt altar of Yredelemnul.
    33 | D        | Found a hide-covered altar of Uskayaw.
    35 | D        | Found Xiduir's Distillery.
    36 | D        | Found Natuhav's Distillery.
    36 | D        | Found Nopnylul's Bottled Wisdom.
    36 | D        | Found an opulent altar of Gozag.
    36 | D        | Found a glowing silver altar of Zin.
    36 | D        | Found Weowka's Do-It-Yourself Clinic.
    47 | D        | Found an ancient bone altar of Kikubaaqudgha.
    49 | D        | Found an ornate altar of the Wu Jian Council.
    53 | D        | Found Uliosyecs's Weapon Rack.
    55 | D        | Found Baxkiur's Premium Goods.
    56 | D        | Found Urghoreiw's Basic Armour.
    56 | D        | Found Sanweuwn's Miscellaneous Merchandise.
    63 | D        | Noticed Sigmund
    68 | D        | Killed Sigmund
    68 | D        | Reached * piety under Cheibriados
    69 | D        | Reached skill level 5 in Polearms
    69 | D        | Reached XP level 2. HP: 28/31 MP: 1/6
    69 | D        | Reached XP level 3. HP: 32/36 MP: 1/8
    69 | D        | Reached XP level 4. HP: 39/43 MP: 1/9
    69 | D        | Reached XP level 5. HP: 43/48 MP: 1/10
   122 | D        | Arena points: 12 (+12) [x2]
   160 | D        | Round 2.
   177 | D        | Reached ** piety under Cheibriados
   209 | D        | Reached *** piety under Cheibriados
   217 | D        | Arena points: 48 (+36) [x3]
   255 | D        | Round 3.
   274 | D        | Noticed a naga
   276 | D        | Reached **** piety under Cheibriados
   282 | D        | Killed a naga
   283 | D        | Reached skill level 5 in Invocations
   283 | D        | Reached XP level 6. HP: 38/56 MP: 11/13
   295 | D        | Reached ***** piety under Cheibriados
   310 | D        | Noticed a naga
   313 | D        | Noticed a naga warrior
   315 | D        | Killed from afar by a naga warrior

Illustrated notes

Levels and vault maps discovered:
D:        arena_sprint

Skill      XL: |  1  2  3  4  5 |
---------------+----------------+-----
Fighting       | 7 8 |  8.2
Short Blades   | 3 4 |  4.8
Long Blades    | 3 4 |  4.8
Axes           | 3 4 |  4.8
Maces & Flails | 3 4 |  4.8
Polearms       | 5 6 |  6.7
Staves         | 3 4 |  4.8
Ranged Weapons | 3 4 |  4.8
Throwing       | 3 4 |  4.8
Armour         | 7 8 |  8.2
Dodging        | 3 4 |  4.8
Stealth        | 3 4 |  4.8
Shields        | 7 8 |  8.2
Unarmed Combat | 3 4 |  4.8
Spellcasting   | 3 4 |  4.8
Conjurations   | 3 |  3.9
Hexes          | 3 |  3.9
Summonings     | 3 |  3.9
Necromancy     | 3 |  3.9
Translocations | 3 |  3.9
Transmutations | 3 |  3.9
Fire Magic     | 3 |  3.9
Ice Magic      | 3 |  3.9
Air Magic      | 3 |  3.9
Earth Magic    | 3 |  3.9
Poison Magic   | 3 |  3.9
Invocations    | 4 5 |  5.2
Evocations     | 3 4 |  4.8
Shapeshifting  | 3 |  3.9

Action                     |  1- 3 |  4- 6 || total
---------------------------+-------+-------++-------
  Melee: Trident           |     4 |    51 ||    55
         Bite              |     1 |     3 ||     4
  Evoke: Wand              |     3 |     1 ||     4
 Armour: Scale mail        |     2 |    12 ||    14
  Dodge: Dodged            |       |    28 ||    28
  Block: Buckler           |       |    21 ||    21

Table legend: (Time is in decaauts)
 A = Elapsed time spent in this place.
 B = Non-inter-level travel time spent in this place.
 C = Inter-level travel time spent in this place.
 D = Time resting spent in this place.
 E = Time spent auto-exploring this place.
 F = Levels seen in this place.
 G = Mean time per level.
                   A        B        C        D        E       F      G
               +--------+--------+--------+--------+--------+-----+--------+
         Total |    413 |    413 |      0 |     28 |      0 |   1 |  413.0 |
       Dungeon |    413 |    413 |      0 |     28 |      0 |   1 |  413.0 |
               +--------+--------+--------+--------+--------+-----+--------+

Top non-repeatable levels by time:
       D: 413 daAuts
